 Dungeon Crawl Stone Soup version 0.23.1 (webtiles) character file.

Game seed: 11080313580439591924

56688 Kwack the Ogre Mage (level 14, -23/146 HPs)
             Began as an Ogre Conjurer on Mar 9, 2019.
             Was a High Priest of Sif Muna.
             Shot with a bolt by a yaktaur captain (40 damage)
             ... on level 15 of the Dungeon.
             The game lasted 02:39:22 (30433 turns).

Kwack the Ogre Mage (Ogre Conjurer)                Turns: 30433, Time: 02:39:23

Health: -23/146    AC: 11    Str: 17    XL:     14   Next: 82%
Magic:  4/32       EV:  9    Int: 18    God:    Sif Muna [*****.]
Gold:   1267       SH: 14    Dex:  9    Spells: 3/41 levels left

rFire    + . .     SeeInvis .   a - +5 long sword (freeze)
rCold    . . .     Gourm    .   C - +0 shield
rNeg     . . .     Faith    .   l - +3 troll leather armour
rPois    .         Spirit   .   (helmet restricted)
rElec    .         Reflect  .   F - +2 cloak
rCorr    .         Harm     .   (gloves unavailable)
MR       +....                  (boots unavailable)
Stlth    +.........             (no amulet)
HPRegen  0.74/turn              K - ring of wizardry
MPRegen  0.23/turn              V - ring of protection from fire

@: divine energy
A: large, unfitting armour, large bone plates 1, blurry vision 1, tough skin 1
a: Stop Divine Energy, Channel Magic, Forget Spell, Renounce Religion


You were on level 15 of the Dungeon.
You worshipped Sif Muna.
Sif Muna was extremely pleased with you.
You were not hungry.

You visited 4 branches of the dungeon, and saw 23 of its levels.

You collected 1267 gold pieces.

Inventory:

Hand Weapons
 a - a +5 long sword of freezing (weapon)
 d - a +2 scimitar of flaming
 T - a +3 broad axe
Missiles
 G - 646 stones
 M - 9 large rocks (quivered)
 W - 6 poisoned javelins
Armour
 l - a +3 troll leather armour (worn)
 C - a +0 shield (worn)
 F - a +2 cloak (worn)
 U - a scarf of cloud immunity
Magical Staves
 b - an uncursed staff of wizardry
 I - an uncursed staff of cold
Jewellery
 s - an uncursed ring of flight
 K - a ring of wizardry (left hand)
 V - a ring of protection from fire (right hand)
Wands
 e - a wand of scattershot (3)
 h - a wand of digging (12)
 y - a wand of iceblast (16)
 A - a wand of paralysis (10)
 P - a wand of flame (16)
Scrolls
 f - 2 scrolls of teleportation
 g - 2 scrolls of blinking
 i - 2 scrolls of fear
 t - 6 scrolls of remove curse
 w - 2 scrolls of enchant weapon {unknown}
 z - 2 scrolls of immolation
 D - a scroll of holy word {unknown}
 E - 5 scrolls of amnesia
 L - 2 scrolls of vulnerability {unknown}
 N - 3 scrolls of fog {unknown}
 Q - 2 scrolls of brand weapon {unknown}
 S - a scroll of silence {unknown}
Potions
 j - 4 potions of curing
 o - 2 potions of invisibility {unknown}
 p - 3 potions of ambrosia
 q - 3 potions of magic
 r - 4 potions of brilliance
 u - 4 potions of haste
 x - a potion of cancellation {unknown}
 H - 2 potions of flight
 J - 2 potions of heal wounds
 R - a potion of might {unknown}
 X - 2 potions of agility {unknown}
Miscellaneous
 O - a fan of gales
Comestibles
 c - 38 rations


   Skills:
 * Level 11.2 Fighting
 - Level 4.0 Armour
 - Level 1.7 Dodging
 - Level 1.4 Stealth
 - Level 9.5 Shields
 - Level 14.3 Spellcasting
 - Level 11.5 Conjurations
 - Level 5.1 Hexes
 * Level 2.5 Summonings
 * Level 2.9 Necromancy
 * Level 4.3 Translocations
 - Level 1.9 Transmutations
 * Level 2.4 Air Magic
 - Level 6.1 Earth Magic


You had 3 spell levels left.
You knew the following spells:

 Your Spells              Type           Power        Failure   Level  Hunger
a - Magic Dart            Conj           ####         1%          1    None
b - Dazzling Spray        Conj/Hex       #####.       1%          3    None
c - Iskenderun's Mystic   Conj           ######..     1%          4    None
d - Fulminant Prism       Conj/Hex       #####.....   1%          4    None
e - Sandblast             Erth           #####.       1%          1    None
f - Passwall              Tmut/Erth      ####....     1%          2    None
g - Force Lance           Conj/Tloc      #####...     1%          4    None
h - Lee's Rapid Deconstr  Erth           #####.....   6%          5    ####...
i - Confuse               Hex            ####....     1%          3    None
j - Regeneration          Chrm/Necr      ###.......   4%          3    None
k - Animate Dead          Necr           N/A          8%          4    None
l - Summon Lightning Spi  Summ/Air       ###.....     9%          4    None

Your spell library contained the following spells:

 Spells                   Type           Power        Failure   Level  Hunger
 Animate Skeleton         Necr           N/A          1%          1    None
 Apportation              Tloc           ####..       1%          1    None
 Confusing Touch          Hex            ####..       1%          1    None
 Corona                   Hex            ####...      1%          1    None
 Pain                     Necr           ###.         1%          1    None
 Summon Small Mammal      Summ           ###.         1%          1    None
 Call Imp                 Summ           ###.....     1%          2    None
 Searing Ray              Conj           ######       1%          2    None
 Slow                     Hex            ####....     1%          2    None
 Gell's Gravitas          Tloc           ####......   1%          3    None
 Lesser Beckoning         Tloc           ####......   1%          3    None
 Portal Projectile        Hex/Tloc       ####..       1%          3    None
 Static Discharge         Conj/Air       #####...     1%          3    None
 Stone Arrow              Conj/Erth      #####.       1%          3    None
 Summon Guardian Golem    Hex/Summ       ####....     1%          3    None
 Call Canine Familiar     Summ           ###.....     2%          3    None
 Inner Flame              Hex/Fire       ###.....     2%          3    None
 Vampiric Draining        Necr           ###.......   2%          3    None
 Cause Fear               Hex            ####......   2%          4    None
 Leda's Liquefaction      Hex/Erth       ####......   2%          4    None
 Throw Icicle             Conj/Ice       ####....     2%          4    None
 Petrify                  Tmut/Erth      ####....     4%          4    None
 Lightning Bolt           Conj/Air       #####.....   4%          5    ####...
 Bolt of Magma            Conj/Fire/Erth ####......   6%          5    ####...
 Venom Bolt               Conj/Pois      ####......   6%          5    ####...
 Summon Ice Beast         Ice/Summ       ###.....     14%         4    None
 Yara's Violent Unravell  Hex/Tmut       ####......   16%         5    ####...
 Metabolic Englaciation   Hex/Ice        ###.......   22%         5    ####...
 Bolt of Cold             Conj/Ice       ####......   32%         6    #####..
 Malign Gateway           Summ/Tloc      ####......   99%         7    #######


Dungeon Overview and Level Annotations

Branches:
Dungeon (15/15)            Temple (1/1) D:5            Lair (6/6) D:9
  Swamp (0/4) Lair:4        Snake (0/4) Lair:2          Orc (1/2) D:10
 Vaults (0/5) D:13         Depths (0/5) D:15
  Slime: Lair:5-6

Altars:
Ashenzari
Cheibriados
Dithmenos
Elyvilon
Fedhas
Gozag
Hepliaklqana
Kikubaaqudgha
Makhleb
Nemelex Xobeh
Okawaru
Ru
Sif Muna
Trog
Uskayaw
Vehumet
Wu Jian
Xom
Yredelemnul
The Shining One

Annotations:
D:1 exclusion: leopard gecko
D:5 exclusion: downstairs
D:8 2 transporters
D:9 exclusion: 2 downstairs
D:11 exclusion: downstairs
D:12 exclusion: 2 downstairs
D:13 exclusion: 2 downstairs
D:14 exclusion: downstairs
Lair:1 exclusion: downstairs
Lair:3 exclusion: downstairs
Lair:4 1 runed translucent door, exclusion: downstairs, Wairalebb's ghost, journeyman BaFi
Lair:5 exclusion: 3 downstairs


Innate Abilities, Weirdness & Mutations

You are too large for most types of armour.
You have tough skin. (AC +1)
You are partially covered in large bone plates. (SH +4)
Scrolls take you a little longer to read.


Message History

The blast of energy engulfs the yaktaur!
The yaktaur is heavily wounded.
The blast of energy engulfs the yaktaur captain!!
The yaktaur captain is heavily wounded.
Casting: Fulminant Prism (safe; 1% risk of failure)
Confirm with . or Enter, or press ? or * to list all spells.
Aiming: Fulminant Prism (safe; 1% risk of failure)
Press: ? - help, Dir - move target cursor You conjure a prism of explosive energy!
The yaktaur captain shoots a bolt.
The bolt hits you!!
* * * LOW HITPOINT WARNING * * *
The yaktaur shoots a bolt.
You block the bolt.
You close the door, pushing everything out of the way.
Things that are here:
a +0 shortbow; 6 bolts A yaktaur captain opens the door.
Your fulminant prism crackles loudly.
You close the door.
A yaktaur opens the door.
The yaktaur captain shoots a bolt.
The bolt hits you!!!
You die...

).....# #.# ###..#.##.#.#
))....# #.## ...#.##.# .
......# #..# ##.......# #
......# ##.#
##########.#....# #######
#.# ......≈≈#......##
#.#'###≈≈≈#.≈#.###...#
#.#*.c#......#.# #...#
######.#.>c'(.≈##.'.# ###.#
#......#...#@..(..#.# #...+
#......#c###≈≈≈#.≈#.###.###
#......#..c(..(.≈≈#.......#
#......############.#######
#......# #.......#
######.## #.##<#### #..#
#.##.# ###########.##
#.##.#### .............#
#.##....#


You could see a yaktaur captain, a yaktaur and a friendly fulminant prism.

Vanquished Creatures
  Fannar (Lair:3)
  Josephine (D:10)
  5 hydras
  4 vault guards
  A centaur warrior (D:15)
  8 two-headed ogres
  A death knight (D:15)
  An ogre mage (D:15)
  4 death yaks
  Nergalle (D:10)
  2 unseen horrors
  A skeletal warrior (D:13)
  An orc knight (Orc:1)
  5 ugly things
  A wolf spider zombie (D:12)
  2 cyclopes
  An elephant (Lair:5)
  A manticore (D:15)
  3 black mambas
  A guardian serpent (Lair:2)
  A kobold demonologist (D:14)
  3 gargoyles
  A rime drake (Lair:4)
  A freezing wraith (D:14)
  7 spiny frogs
  9 komodo dragons
  An efreet (D:13)
  A tyrant leech (Lair:4)
  4 trolls
  4 slime creatures (D:14)
  3 blink frogs (Lair:5)
  10 hippogriffs
  8 dream sheep
  A shadow (D:15)
  4 wraiths
  4 basilisks
  2 wyverns
  38 yaks
  4 hungry ghosts
  6 vampire mosquitoes
  An acid dragon (D:14)
  A swamp worm (Lair:4)
  5 water moccasins
  6 orc warriors
  7 porcupines
  3 sky beasts
  A phantom (D:8)
  A necrophage (D:6)
  6 ogres
  An eye of draining (D:9)
  8 centaurs
  11 crocodiles
  4 big kobolds
  24 bullfrogs
  2 wyvern zombies (D:14)
  4 scorpions
  15 wights
  10 howler monkeys
  An electric eel (Lair:1)
  6 crimson imps
  2 bullfrog zombies
  12 hounds
  5 centaur zombies
  A gnoll shaman (D:8)
  8 jellies
  A quasit (D:9)
  9 orc priests
  6 centaur skeletons
  A bullfrog skeleton (D:6)
  3 iguanas
  18 orc wizards
  5 worker ants
  2 hound zombies (D:7)
  A hound skeleton (D:9)
  A worker ant zombie (D:6)
  5 adders
  3 gnolls (D:8)
  2 river rats (D:6)
  3 shadow imps
  6 oozes
  An adder zombie (D:5)
  2 adder skeletons
  4 worms
  2 dart slugs (D:1)
  5 leopard geckos
  37 orcs
  5 bats
  3 giant cockroaches
  10 goblins
  5 hobgoblins
  10 jackals
  15 kobolds
  3 quokkas
  3 ball pythons
  8 frilled lizards
  A giant cockroach zombie (D:6)
  A quokka skeleton (D:4)
  7 rats
  2 fulminant prisms
  7 fungi
  A plant (D:9)
500 creatures vanquished.

Vanquished Creatures (collateral kills)
  A worker ant (D:14)
1 creature vanquished.

Vanquished Creatures (others)
  5 yaks (Lair:6)
  A basilisk (D:14)
  2 bushes (D:9)
  391 fulminant prisms
  4 fungi
  17 plants
420 creatures vanquished.

Grand Total: 921 creatures vanquished

Notes
Turn   | Place    | Note
-------+----------+-------------------------------------------
     0 | D:1      | Kwack the Ogre Conjurer began the quest for the Orb.
     0 | D:1      | Reached XP level 1. HP: 16/16 MP: 3/3
   359 | D:1      | Reached XP level 2. HP: 21/26 MP: 0/5
  1017 | D:2      | Reached XP level 3. HP: 32/32 MP: 5/7
  1566 | D:2      | Reached skill level 1 in Fighting
  1566 | D:2      | Reached skill level 3 in Spellcasting
  1686 | D:2      | Reached XP level 4. HP: 31/41 MP: 0/8
  1795 | D:2      | Learned a level 3 spell: Dazzling Spray
  3026 | D:3      | Found a sacrificial altar of Ru.
  3269 | D:4      | Reached XP level 5. HP: 32/48 MP: 2/10
  3502 | D:4      | Reached skill level 4 in Spellcasting
  3513 | D:4      | Reached skill level 5 in Conjurations
  3530 | D:4      | Reached skill level 1 in Armour
  3530 | D:4      | Reached skill level 1 in Hexes
  3530 | D:4      | Reached XP level 6. HP: 52/57 MP: 5/12
  3945 | D:4      | Found a bloodstained altar of Trog.
  3995 | D:5      | Entered Level 5 of the Dungeon
  4027 | D:5      | Found a staircase to the Ecumenical Temple.
  4047 | Temple   | Entered the Ecumenical Temple
  4055 | Temple   | Became a worshipper of Sif Muna the Loreminder
  4066 | D:5      | Learned a level 4 spell: Iskenderun's Mystic Blast
  4071 | D:5      | Learned a level 4 spell: Fulminant Prism
  4483 | D:5      | Noticed a sky beast
  4502 | D:5      | Killed a sky beast
  4502 | D:5      | Reached XP level 7. HP: 41/66 MP: 5/13
  4993 | D:5      | Found a bloodstained altar of Trog.
  5358 | D:5      | Reached skill level 5 in Spellcasting
  5397 | D:5      | Learned a level 1 spell: Sandblast
  5400 | D:5      | Learned a level 2 spell: Passwall
  5413 | D:5      | Reached * piety under Sif Muna
  5529 | D:6      | Found an iron altar of Okawaru.
  5734 | D:6      | Reached XP level 8. HP: 76/76 MP: 8/16
  6077 | D:6      | Found a blossoming altar of Fedhas.
  6191 | D:6      | Reached skill level 6 in Spellcasting
  6960 | D:7      | Reached ** piety under Sif Muna
  7072 | D:6      | Reached XP level 9. HP: 78/85 MP: 7/19
  7174 | D:6      | Reached skill level 7 in Spellcasting
  7362 | D:7      | Reached skill level 5 in Fighting
  7447 | D:7      | Found a hazy altar of Hepliaklqana.
  8154 | D:7      | Found a glowing golden altar of the Shining One.
  8850 | D:8      | Found a transporter.
  9248 | D:8      | Noticed a great orb of eyes
  9250 | D:8      | Found a transporter.
  9285 | D:8      | Reached skill level 8 in Spellcasting
  9452 | D:9      | Reached skill level 1 in Shields
  9623 | D:9      | Noticed a troll
  9632 | D:9      | Killed a troll
  9632 | D:9      | Reached *** piety under Sif Muna
  9632 | D:9      | Reached skill level 1 in Earth Magic
  9816 | D:9      | Found a snail-covered altar of Cheibriados.
  9825 | D:9      | Reached skill level 1 in Transmutations
  9895 | D:9      | Reached XP level 10. HP: 95/95 MP: 17/22
 10352 | D:9      | Reached skill level 9 in Spellcasting
 10352 | D:9      | Reached **** piety under Sif Muna
 10590 | D:9      | Found a staircase to the Lair.
 11267 | D:10     | Entered Level 10 of the Dungeon
 11267 | D:10     | Found a staircase to the Orcish Mines.
 11282 | D:10     | Noticed Nergalle
 11291 | D:10     | Noticed Josephine
 11291 | D:10     | Killed Nergalle
 11291 | D:10     | Reached skill level 10 in Spellcasting
 11291 | D:10     | Reached XP level 11. HP: 28/106 MP: 0/25
 11609 | D:10     | Killed Josephine
 11609 | D:10     | Reached ***** piety under Sif Muna
 11782 | D:10     | Learned a level 4 spell: Force Lance
 11788 | D:10     | Learned a level 5 spell: Lee's Rapid Deconstruction
 11881 | D:10     | Reached skill level 5 in Hexes
 12345 | D:9      | Identified Sif Muna's Disquisition on Bewitching
                  | Confrontation (Sif Muna gifted it to you on level 9 of the
                  | Dungeon)
 12345 | D:9      | Received a gift from Sif Muna
 13488 | D:11     | Noticed a cyclops
 13505 | D:11     | Killed a cyclops
 13505 | D:11     | Reached skill level 5 in Shields
 13761 | D:11     | Found an opulent altar of Gozag.
 14014 | D:11     | Found a shadowy altar of Dithmenos.
 14346 | D:12     | Noticed a two-headed ogre
 14353 | D:12     | Killed a two-headed ogre
 14870 | D:12     | Reached XP level 12. HP: 102/115 MP: 0/26
 15460 | D:13     | Noticed a five-headed hydra
 15467 | D:13     | Killed a five-headed hydra
 15467 | D:13     | Reached skill level 11 in Spellcasting
 15874 | D:13     | Noticed a two-headed ogre
 15890 | D:13     | Killed a two-headed ogre
 16998 | D:13     | Found a gate to the Vaults.
 16998 | D:13     | Noticed a four-headed hydra
 16998 | D:13     | Noticed a vault guard
 16998 | D:13     | Noticed a vault guard
 16998 | D:13     | Noticed a vault guard
 16998 | D:13     | Noticed a two-headed ogre
 16999 | D:13     | Noticed a two-headed ogre
 17014 | D:13     | Killed a two-headed ogre
 17017 | D:13     | Killed a vault guard
 17017 | D:13     | Reached skill level 12 in Spellcasting
 17344 | D:13     | Noticed a vault guard
 17572 | D:13     | Killed a four-headed hydra
 17665 | D:12     | Killed a vault guard
 17844 | D:12     | Killed a vault guard
 18344 | D:13     | Killed a vault guard
 18485 | D:13     | Received a gift from Sif Muna
 18485 | D:13     | Reached XP level 13. HP: 118/128 MP: 10/29
 18579 | D:13     | Learned a level 3 spell: Confuse
 18957 | Lair:1   | Entered Level 1 of the Lair of Beasts
 19120 | Lair:1   | Reached skill level 13 in Spellcasting
 19127 | Lair:1   | Reached skill level 5 in Earth Magic
 19259 | Lair:1   | Gained mutation: Your body sometimes deteriorates upon
                  | taking damage. [potion of mutation]
 19259 | Lair:1   | Gained mutation: You are partially covered in molten
                  | scales. (AC +2) [potion of mutation]
 19259 | Lair:1   | Gained mutation: Your muscles are strong. (Str +2) [potion
                  | of mutation]
 19259 | Lair:1   | Gained mutation: You expend magic power (3 MP) to
                  | strengthen your wands. [potion of mutation]
 19260 | Lair:1   | Lost mutation: Your body sometimes deteriorates upon taking
                  | damage. [potion of mutation]
 19260 | Lair:1   | Lost mutation: You are partially covered in molten scales.
                  | (AC +2) [potion of mutation]
 19260 | Lair:1   | Lost mutation: You expend magic power (3 MP) to strengthen
                  | your wands. [potion of mutation]
 19260 | Lair:1   | Gained mutation: Your flesh is heat resistant. (rF+)
                  | [potion of mutation]
 19260 | Lair:1   | Lost mutation: Your flesh is heat resistant. (rF+) [potion
                  | of mutation]
 19260 | Lair:1   | Gained mutation: Potions are less effective at restoring
                  | your health. [potion of mutation]
 19260 | Lair:1   | Gained mutation: You have large cloven feet. [potion of
                  | mutation]
 19261 | Lair:1   | Lost mutation: Potions are less effective at restoring your
                  | health. [potion of mutation]
 19261 | Lair:1   | Lost mutation: You have large cloven feet. [potion of
                  | mutation]
 19261 | Lair:1   | Lost mutation: Your muscles are strong. (Str +2) [potion of
                  | mutation]
 19261 | Lair:1   | Gained mutation: Scrolls take you a little longer to read.
                  | [potion of mutation]
 19261 | Lair:1   | Gained mutation: You are partially covered in large bone
                  | plates. (SH +4) [potion of mutation]
 21113 | Lair:2   | Found a staircase to the Snake Pit.
 21390 | Lair:2   | Learned a level 3 spell: Regeneration
 22011 | Lair:3   | Noticed Fannar
 22065 | Lair:3   | Killed Fannar
 22065 | Lair:3   | Reached skill level 10 in Conjurations
 22371 | Lair:3   | Reached skill level 1 in Translocations
 22633 | Lair:2   | Received a gift from Sif Muna
 23889 | Lair:4   | Found a staircase to the Swamp.
 24196 | Lair:4   | Found a runed translucent door.
 24196 | Lair:4   | Noticed Wairalebb's ghost (journeyman BaFi)
 25527 | Lair:5   | Reached skill level 14 in Spellcasting
 25954 | Lair:5   | Reached XP level 14. HP: 140/140 MP: 20/32
 26042 | Lair:6   | Entered Level 6 of the Lair of Beasts
 26973 | Lair:5   | Learned a level 4 spell: Animate Dead
 27054 | Orc:1    | Entered Level 1 of the Orcish Mines
 27065 | Orc:1    | Noticed an orc warlord
 27527 | D:14     | Reached skill level 1 in Necromancy
 27548 | D:14     | Identified Sif Muna's Reference Book on the Destructive
                  | Traveller (Sif Muna gifted it to you on level 14 of the
                  | Dungeon)
 27548 | D:14     | Received a gift from Sif Muna
 27548 | D:14     | Reached skill level 10 in Fighting
 27773 | D:14     | Learned a level 4 spell: Summon Lightning Spire
 28571 | D:14     | Reached skill level 1 in Summonings
 28571 | D:14     | Reached skill level 1 in Air Magic
 29320 | D:15     | Entered Level 15 of the Dungeon
 30421 | D:15     | Found a staircase to the Depths.
 30433 | D:15     | Shot with a bolt by a yaktaur captain

Skill      XL: |  1  2  3  4  5  6  7  8  9 10 11 12 13 14 |
---------------+-------------------------------------------+-----
Conjurations   | 4 5 6 7 9 10 11 | 11.5
Fighting       | 1 2 3 4 6 7 8 9 11 | 11.2
Spellcasting   | 3 4 5 6 8 10 12 14 | 14.3
Armour         | 1 2 3 4 |  4.0
Hexes          | 1 2 3 4 5 |  5.1
Shields        | 1 2 7 9 |  9.5
Earth Magic    | 1 2 4 6 |  6.1
Transmutations | 1 |  1.9
Translocations | 2 4 |  4.3
Necromancy     | 2 |  2.9
Summonings     | 2 |  2.5
Air Magic      | 2 |  2.4
Dodging        | |  1.7
Stealth        | |  1.4

Action                   |  1- 3 |  4- 6 |  7- 9 | 10-12 | 13-15 || total
-------------------------+-------+-------+-------+-------+-------++-------
Melee: Dagger            |    19 |    12 |       |       |       ||    31
       Short sword       |       |    95 |   142 |    21 |       ||   258
       Long sword        |       |       |       |    96 |   167 ||   263
       Staff             |       |       |       |     6 |       ||     6
 Cast: Magic Dart        |    77 |   103 |   241 |   195 |    90 ||   706
       Dazzling Spray    |       |     1 |       |     9 |     8 ||    18
       Fulminant Prism   |       |     1 |    13 |   140 |   240 ||   394
       Iskenderun's Myst |       |       |    15 |    19 |    11 ||    45
       Sandblast         |       |       |     2 |     3 |     2 ||     7
       Force Lance       |       |       |       |     3 |    75 ||    78
       Passwall          |       |       |       |     2 |       ||     2
       Confuse           |       |       |       |       |    13 ||    13
       Lee's Rapid Decon |       |       |       |       |     2 ||     2
       Animate Dead      |       |       |       |       |     2 ||     2
       Summon Lightning  |       |       |       |       |     1 ||     1
Invok: Divine Energy     |       |       |     1 |       |       ||     1
Evoke: Wand              |       |       |     1 |     2 |     2 ||     5
  Use: Scroll            |       |     5 |     7 |     4 |    11 ||    27
       Potion            |       |       |       |     2 |     3 ||     5
 Stab: Sleeping          |       |       |     1 |       |       ||     1
       Confused          |       |       |       |       |     1 ||     1
  Eat: Chunk             |     3 |     9 |    17 |    19 |    14 ||    62
       Ration            |       |       |     1 |     5 |     7 ||    13
Armor: Robe              |    12 |     2 |       |       |       ||    14
       Troll leather arm |       |    42 |   134 |   133 |   103 ||   412
Dodge: Dodged            |    15 |    83 |   141 |   132 |    95 ||   466
Block: Shield            |       |       |       |    64 |   265 ||   329
       Rpst.: Long sword |       |       |       |    24 |    23 ||    47
